 Dungeon Crawl Stone Soup version 0.18-a0-49-gd105b5a (webtiles) character file.

17668 ReteAZ the Geomancer (level 12, -2/82 HPs)
             Began as an Octopode Earth Elementalist on Nov 7, 2015.
             Was a High Priest of Vehumet.
             Slain by a troll (10 damage)
             ... on level 11 of the Dungeon.
             The game lasted 01:34:32 (16854 turns).

ReteAZ the Geomancer (Octopode Earth Elementalist) Turns: 16854, Time: 01:34:32

Health: -2/82      AC:  4    Str: 10 (12) XL:     12   Next: 50%
Magic:  7/22       EV: 17    Int: 20 (21) God:    Vehumet [*****.]
Gold:   474        SH:  0    Dex: 13 (16) Spells: 5 memorised, 10 levels left

rFire  + + +     SeeInvis +     a - 101 stones
rCold  . . .     Clarity  .     (no shield)
rNeg   . . .     SustAt   .     (helmet restricted)
rPois  +         Gourm    .     (no amulet)
rElec  +         Spirit   .     I - ring of flight
rCorr  +         Warding  .     n - ring of fire
rMut   .         Stasis   .     A - ring of poison resistance
MR     .....                    N - ring of protection from fire
Stlth  +++++.....               O - ring of stealth
                                Q - +5 ring of strength
                                (no ring)
                                (no ring)

@: stone skin, resistant, not resistant to hostile enchantments, quite stealthy
A: almost no armour, amphibious, 8 rings, constrict 8, antennae 1, tentacle
spike 1, camouflage 1, see invisible, agile 1, deterioration 2, screaming 1,
gelatinous body 1, subdued magic 1
a: Renounce Religion, Evoke Flight


You were on level 11 of the Dungeon.
You worshipped Vehumet.
Vehumet was extremely pleased with you.
You were not hungry.

You visited 4 branches of the dungeon, and saw 15 of its levels.

You collected 976 gold pieces.
You spent 502 gold pieces at shops.

Inventory:

Hand Weapons
 g - a +2 dagger of venom
 h - a +1 vampiric dagger
 v - a +4 dagger of flaming
Missiles
 a - 101 stones (in tentacle)
 z - 4 tomahawks of returning
 J - 8 poisoned tomahawks (quivered)
Armour
 e - a +0 buckler
Jewellery
 n - a ring of fire (right tentacle)
 A - a ring of poison resistance (on tentacle)
 I - a ring of flight (left tentacle)
 N - a ring of protection from fire (on tentacle)
 O - a ring of stealth (on tentacle)
 Q - a +5 ring of strength (on tentacle)
Wands
 d - a wand of slowing (34)
 i - a wand of magic darts (28)
 j - a wand of polymorph (18)
 C - a wand of draining (9)
 L - a wand of polymorph (15)
 R - a wand of random effects (18)
Scrolls
 l - a scroll of summoning
 m - 6 scrolls of fear
 o - a scroll of teleportation
 s - a scroll of amnesia
 x - 2 scrolls of blinking
 B - 8 scrolls of remove curse
 D - 2 scrolls of vulnerability {unknown}
 G - 2 scrolls of enchant armour
 H - a scroll of recharging
 K - 2 scrolls of fog
 M - 2 scrolls of magic mapping
 S - a scroll of holy word
Potions
 k - 6 potions of curing
 r - a potion of agility
 t - 2 potions of brilliance
 u - a potion of heal wounds
 E - a potion of might
 F - a potion of magic
Books
 b - a book of Geomancy

   Spells                             Type                      Level
   a - Sandblast                      Earth                        1
   b - Stoneskin                      Transmutation/Earth          2
   c - Passwall                       Transmutation/Earth          3
   d - Stone Arrow                    Conjuration/Earth            3
   e - Petrify                        Transmutation/Earth          4
   f - Lee's Rapid Deconstruction     Earth                        5
 p - a book of Flames

   Spells                             Type                      Level
   a - Flame Tongue                   Conjuration/Fire             1
   b - Throw Flame                    Conjuration/Fire             2
   c - Conjure Flame                  Conjuration/Fire             3
   d - Inner Flame                    Hexes/Fire                   3
   e - Sticky Flame                   Conjuration/Fire             4
   f - Fireball                       Conjuration/Fire             5
 y - a book of Maledictions

   Spells                             Type                      Level
   a - Corona                         Hexes                        1
   b - Ensorcelled Hibernation        Hexes/Ice                    2
   c - Confuse                        Hexes                        3
   d - Tukima's Dance                 Hexes                        3
   e - Dazzling Spray                 Conjuration/Hexes            3
Comestibles
 c - 2 bread rations {@e1}
 f - 4 meat rations {@e2}
 q - 5 beef jerkies
 w - 6 chunks of flesh {@w0}
 T - 9 royal jellies
 U - a fruit


   Skills:
 - Level 8.0 Fighting
 + Level 8.9 Dodging
 - Level 5.0 Stealth
 + Level 3.3 Unarmed Combat
 - Level 7.0 Spellcasting
 - Level 4.1 Conjurations
 - Level 3.1 Transmutations
 - Level 13.0 Earth Magic


You had 10 spell levels left.
You knew the following spells:

 Your Spells              Type           Power        Failure   Level  Hunger
a - Sandblast             Erth           #####.       0%          1    None
b - Stone Arrow           Conj/Erth      ####..       1%          3    #......
c - Lee's Rapid Deconstr  Erth           #####.....   1%          5    #####..
d - Petrify               Trmt/Erth      ####....     1%          4    ###....
e - Stoneskin             Trmt/Erth      ####....     1%          2    None


Dungeon Overview and Level Annotations

Branches:
Dungeon (12/15)            Temple (1/1) D:5            Lair (1/8) D:11
    Orc (1/4) D:11

Altars:
Ashenzari
Cheibriados
Dithmenos
Elyvilon
Fedhas
Gozag
Kikubaaqudgha
Makhleb
Nemelex Xobeh
Okawaru
Qazlal
Ru
Sif Muna
Trog
Vehumet
Xom
Yredelemnul
Zin
The Shining One

Shops:
D:7 [   D:10 (%?*}   D:12 !

Annotations:
D:4 yxhuvud's ghost, novice FoFi
D:12 ReteAZ's ghost, journeyman DDFi
Lair:1 Gastronok


Innate Abilities, Weirdness & Mutations

You cannot wear most types of armour.
You are amphibious.
You can wear up to eight rings at the same time.
You can use your tentacles to constrict eight enemies at once.
Your skin changes colour to match your surroundings (Stealth).
Your rubbery body absorbs attacks (AC +1).
You have a pair of small antennae on your head.
One of your tentacles bears a spike.
You have supernaturally acute eyesight.
You are agile. (Dex +2)
Your body often deteriorates upon taking damage.
You occasionally shout uncontrollably at your foes.
Your spells are a little easier to cast, but a little less powerful.


Message History

Casting: Sandblast
Confirm with . or Enter, or press ? or * to list all spells.
Aiming: Sandblast
Press: ? - help, Shift-Dir - straight line, f/p - troll
Aim: a troll The rocky blast hits the troll.
The troll is lightly wounded.
The troll barely misses you. The troll misses you. The troll claws you!
* * * LOW HITPOINT WARNING * * *
Casting: Sandblast
Confirm with . or Enter, or press ? or * to list all spells.
Aiming: Sandblast
Press: ? - help, Shift-Dir - straight line, f/p - troll
Aim: a troll (lightly wounded)
The rocky blast hits the troll.
The troll is lightly wounded.
The troll misses you. The troll claws you.
* * * LOW HITPOINT WARNING * * *
The troll claws you!
You die...

####)######.########.)#..#
#.[)))))##### ##[##.#
#.#######...#####)..#.#
#.# #.8..[..).8['.# #.#
#...####.[..### #.#
####'###.#.## ####.#######
##..[##[# ...........#
#.T.##.# ########.###
##@..##.# #
#.######'###'#.## #
#...#(..## ##...# #
#.#.'.8.# #.8.# #
#.###(..# #...# ########.#
##[### ##.## .........#
#.#.# ##.#
########.####(..# #..# #
#....)...####.##


You could see a troll.

Vanquished Creatures
  Erica (D:8)
  2 hill giants (D:11)
  3 ugly things (D:11)
  A black mamba (D:11)
  2 cyclopes
  A centaur zombie (D:12)
  A gargoyle (D:10)
  A komodo dragon (D:10)
  A kobold demonologist (D:11)
  A troll (D:10)
  A two-headed ogre (D:10)
  5 slime creatures
  Grinder (D:4)
  2 wraiths
  12 yaks
  A steam dragon (D:11)
  A wyvern (D:10)
  A hippogriff (D:11)
  A mottled dragon (D:11)
  3 hungry ghosts
  Menkaure (D:5)
  Edmund (D:5)
  2 soldier ants (D:11)
  A black bear (D:9)
  3 ice beasts
  10 orc warriors
  8 ogres
  3 sky beasts
  A phantom (D:5)
  2 big kobolds
  2 necrophages
  9 centaurs
  A wyvern zombie (D:11)
  4 giant frogs
  2 scorpions
  7 wights
  8 killer bees
  A vampire bat (D:6)
  8 crimson imps
  3 jellies
  A giant frog zombie (D:12)
  4 giant frog skeletons
  6 hounds
  Crazy Yiuf (D:2)
  6 centaur skeletons
  2 human zombies (D:4)
  12 orc priests
  10 orc wizards
  A human skeleton (D:4)
  12 worker ants
  4 iguanas
  A killer bee zombie (D:8)
  A hound zombie (D:9)
  A worker ant zombie (D:6)
  Robin (D:4)
  10 adders
  2 shadow imps
  3 oozes
  An adder zombie (D:6)
  5 worms
  An adder skeleton (D:6)
  94 orcs
  15 bats
  12 goblins
  9 hobgoblins
  12 jackals
  10 quokkas
  3 ball pythons
  5 giant cockroaches
  10 giant geckos
  10 giant newts
  9 kobolds
  A quokka skeleton (D:7)
  A quokka zombie (D:6)
  5 rats
  A fungus (D:2)
401 creatures vanquished.

Vanquished Creatures (others)
  15 plants (D:11)
15 creatures vanquished.

Grand Total: 416 creatures vanquished

Notes
Turn   | Place    | Note
--------------------------------------------------------------
     0 | D:1      | ReteAZ the Octopode Earth Elementalist began the quest for the Orb.
     0 | D:1      | Reached XP level 1. HP: 11/11 MP: 3/3
   378 | D:1      | Reached XP level 2. HP: 17/17 MP: 3/5
   665 | D:1      | Reached skill level 4 in Earth Magic
  1107 | D:2      | Reached XP level 3. HP: 21/21 MP: 6/6
  1629 | D:2      | Noticed Crazy Yiuf
  1637 | D:2      | Killed Crazy Yiuf
  1637 | D:2      | Reached XP level 4. HP: 27/27 MP: 7/7
  1706 | D:3      | Reached skill level 5 in Earth Magic
  1866 | D:3      | Found a stormy altar of Qazlal.
  2132 | D:3      | Reached XP level 5. HP: 31/31 MP: 8/8
  2609 | D:3      | Learned a level 3 spell: Stone Arrow
  2623 | D:3      | Reached skill level 6 in Earth Magic
  3050 | D:4      | Reached XP level 6. HP: 24/36 MP: 9/9
  3062 | D:4      | Noticed yxhuvud's ghost (novice FoFi)
  3097 | D:4      | Noticed Robin
  3103 | D:5      | Entered Level 5 of the Dungeon
  3338 | D:5      | Found a staircase to the Ecumenical Temple.
  3344 | Temple   | Entered the Ecumenical Temple
  3546 | Temple   | Became a worshipper of Vehumet
  3601 | D:5      | Reached skill level 7 in Earth Magic
  3675 | D:5      | Found a bloodstained altar of Trog.
  3676 | D:5      | Noticed Menkaure
  3678 | D:5      | Killed Menkaure
  3678 | D:5      | Reached XP level 7. HP: 42/45 MP: 6/10
  4023 | D:4      | Noticed Grinder
  4325 | D:4      | Reached * piety under Vehumet
  4325 | D:4      | Offered knowledge of Shock by Vehumet.
  4325 | D:4      | Reached skill level 8 in Earth Magic
  4332 | D:4      | Learned a level 5 spell: Lee's Rapid Deconstruction
  4450 | D:4      | Killed Robin
  4493 | D:4      | Paralysed by Grinder for 2 turns
  4501 | D:4      | Paralysed by Grinder for 4 turns
  4506 | D:4      | Killed Grinder
  4506 | D:4      | Reached XP level 8. HP: 28/52 MP: 7/13
  4989 | D:5      | Noticed Edmund
  5268 | D:5      | Killed Edmund
  5534 | D:5      | Reached skill level 5 in Dodging
  5899 | D:6      | Found a glowing silver altar of Zin.
  5936 | D:6      | Offered knowledge of Magic Dart by Vehumet.
  6089 | D:6      | Reached XP level 9. HP: 54/58 MP: 6/15
  6104 | D:6      | Reached ** piety under Vehumet
  6104 | D:6      | Reached skill level 9 in Earth Magic
  6663 | D:6      | Found a basalt altar of Yredelemnul.
  6889 | D:6      | Found a white marble altar of Elyvilon.
  7177 | D:7      | Offered knowledge of Throw Flame by Vehumet.
  7318 | D:7      | Found Patrepn's Armour Shop.
  7585 | D:7      | Found a sacrificial altar of Ru.
  7824 | D:7      | Reached skill level 10 in Earth Magic
  8060 | D:8      | Reached skill level 5 in Fighting
  8085 | D:8      | Noticed Erica
  8086 | D:8      | Noticed a centaur skeleton
  8092 | D:8      | Killed Erica
  8092 | D:8      | Reached XP level 10. HP: 66/66 MP: 6/20
  8255 | D:8      | Found an ancient bone altar of Kikubaaqudgha.
  8308 | D:8      | Reached *** piety under Vehumet
  8334 | D:8      | Reached skill level 1 in Conjurations
  8340 | D:8      | Learned a level 4 spell: Petrify
  8554 | D:8      | Offered knowledge of Fulminant Prism by Vehumet.
  9136 | D:9      | Found a shattered altar of Ashenzari.
  9798 | D:10     | Entered Level 10 of the Dungeon
  9798 | D:10     | Found Jieskiav's Gadget Emporium.
  9819 | D:10     | Found Rim Uvurr's Assorted Antiques.
  9828 | D:10     | Bought a shiny granite ring for 155 gold pieces
  9828 | D:10     | Bought a twisted diamond ring for 155 gold pieces
 10268 | D:10     | Reached **** piety under Vehumet
 10739 | D:10     | Reached XP level 11. HP: 75/75 MP: 13/21
 10817 | D:10     | Offered knowledge of Iskenderun's Mystic Blast by Vehumet.
 11057 | D:10     | Found Kicod's Food Emporium.
 11114 | D:10     | Found Roloeh's Antique Weapon Emporium.
 11273 | D:10     | Found Saucanyps's Magic Scroll Boutique.
 11276 | D:10     | Bought a scroll of identify for 22 gold pieces
 11276 | D:10     | Bought a scroll of identify for 22 gold pieces
 11276 | D:10     | Bought a scroll of blinking for 82 gold pieces
 11276 | D:10     | Bought a scroll of teleportation for 33 gold pieces
 11276 | D:10     | Bought a scroll of teleportation for 33 gold pieces
 11684 | D:11     | Noticed a hill giant
 11732 | D:11     | Reached skill level 5 in Stealth
 11737 | D:11     | Found a staircase to the Lair.
 12387 | D:11     | Reached skill level 11 in Earth Magic
 12737 | D:11     | Reached ***** piety under Vehumet
 13060 | D:11     | Offered knowledge of Spellforged Servitor by Vehumet.
 13301 | D:11     | Found a staircase to the Orcish Mines.
 13523 | D:11     | Killed a hill giant
 13684 | D:11     | Noticed a hill giant
 13687 | D:11     | Killed a hill giant
 13687 | D:11     | Reached skill level 12 in Earth Magic
 13798 | D:11     | Reached XP level 12. HP: 61/82 MP: 19/22
 14580 | D:12     | Found a shattered altar of Ashenzari.
 14583 | D:12     | Noticed ReteAZ's ghost (journeyman DDFi)
 14622 | Lair:1   | Entered Level 1 of the Lair of Beasts
 14622 | Lair:1   | Noticed Gastronok
 15152 | D:11     | Reached skill level 13 in Earth Magic
 15162 | D:11     | Learned a level 2 spell: Stoneskin
 15213 | Orc:1    | Entered Level 1 of the Orcish Mines
 15491 | D:11     | Gained mutation: You have supernaturally acute eyesight. [potion of beneficial mutation]
 15574 | D:12     | Reached skill level 1 in Unarmed Combat
 15908 | D:12     | Found Doxkirebb's Distillery.
 15913 | D:12     | Gained mutation: Your body sometimes deteriorates upon taking damage. [potion of mutation]
 15913 | D:12     | Gained mutation: You possess an exceptional clarity of mind. [potion of mutation]
 15914 | D:12     | Gained mutation: You are agile. (Dex +2) [potion of mutation]
 15914 | D:12     | Gained mutation: You occasionally shout uncontrollably at your foes. [potion of mutation]
 15914 | D:12     | Gained mutation: Your spells are a little easier to cast, but a little less powerful. [potion of mutation]
 15915 | D:12     | Gained mutation: Your body often deteriorates upon taking damage. [potion of mutation]
 15915 | D:12     | Gained mutation: You have a pair of small antennae on your head. [potion of mutation]
 15915 | D:12     | Gained mutation: One of your tentacles bears a spike. [potion of mutation]
 16089 | D:12     | Lost mutation: You possess an exceptional clarity of mind. [potion of mutation]
 16627 | D:11     | Offered knowledge of Venom Bolt by Vehumet.
 16854 | D:11     | Slain by a troll

Vault maps used:
D:1:      ncdulo_wetmaze, corner_web_ring
D:2:      uniq_crazy_yiuf_cottage
D:3:      lemuel_round_altar, minmay_box_of_dots
D:4:      nicolae_ossuary_entry_catacombs, uniq_robin, uniq_pikel, uniq_grinder
D:5:      minmay_temple_entry_purple_smoke, first_bread, basic_altar,
          minmay_misc_feat_cross, uniq_edmund, uniq_menkaure
D:6:      kennysheep_ying_yang, old_standard_altar, roderic_batcave
D:7:      kennysheep_mini_moat, serial_shops, kennysheep_little_box
D:8:      lemuel_doored_altar, uniq_erica
D:9:      lemuel_crystal_altar
D:10:     serial_shops, shop, shop, kennysheep_mini, nicolae_shop_statue_plus,
          shop
D:11:     dpeg_oklobed_lair, hiddenorc2_lemuel, hangedman_pestilent_swarm
D:12:     basic_altar, serial_shops, shop
Temple:   oiseaux_autumnal_temple_12
Lair:1:   infiniplex_staircase_pool_2, uniq_gastronok
Orc:1:    basic_altar

Action                   |  1- 3 |  4- 6 |  7- 9 | 10-12 || total
-------------------------+-------+-------+-------+-------++-------
Melee: Unarmed           |    25 |       |       |     8 ||    33
       Dagger            |    33 |    81 |    43 |       ||   157
Throw: Tomahawk          |       |       |     6 |     8 ||    14
 Cast: Sandblast         |     9 |    19 |   135 |   250 ||   413
       Stone Arrow       |       |     3 |    41 |   146 ||   190
       Lee's Rapid Decon |       |       |    18 |    71 ||    89
       Petrify           |       |       |       |     6 ||     6
       Stoneskin         |       |       |       |     2 ||     2
Evoke: Wand              |       |       |       |     1 ||     1
  Use: Scroll            |       |     8 |     5 |    12 ||    25
       Potion            |       |     6 |     4 |     8 ||    18
 Stab: Sleeping          |     8 |     7 |     4 |       ||    19
  Eat: Chunk             |     2 |     7 |    20 |    35 ||    64
       Fruit             |       |       |     2 |     4 ||     6
       Beef jerky        |       |       |     1 |     1 ||     2
       Bread ration      |       |       |       |     2 ||     2
